 Dungeon Crawl Stone Soup version 0.27-a0-1177-g245c70e1c0 (webtiles) character file.

Game seed: 7069174476222224564

2 pokeman the Magician (level 1, -3/10 HPs)
             Began as a Deep Elf Hedge Wizard on May 16, 2021.
             Frozen to death by an endoplasm (5 damage)
             ... on level 1 of the Dungeon.
             The game lasted 00:00:24 (51 turns).

pokeman the Magician (Deep Elf Hedge Wizard)          Turns: 51, Time: 00:00:25

Health: -3/10      AC:  2    Str:  7    XL:     1   Next: 33%
Magic:  4/8        EV: 12    Int: 18    God:
Gold:   0          SH:  0    Dex: 14    Spells: 8/9 levels left

rFire    . . .     SeeInvis .   a - +0 dagger
rCold    . . .     Faith    .   (no shield)
rNeg     . . .     Spirit   .   b - +0 robe
rPois    .         Reflect  .   c - +0 hat
rElec    .         Harm     .   (no cloak)
rCorr    .         Rampage  .   (no gloves)
Will     .....                  (no boots)
Stlth    ++........             (no amulet)
HPRegen  0.03/turn              (no ring)
MPRegen  0.11/turn              (no ring)

@: no status effects
A: no striking features
a: no special abilities


You were on level 1 of the Dungeon.
You visited 1 branch of the dungeon, and saw 1 of its levels.

Inventory:

Hand Weapons
 a - a +0 dagger (weapon)
Armour
 b - a +0 robe (worn)
 c - a +0 hat (worn)


   Skills:
 + Level 0.1 Fighting
 + Level 0.1 Armour
 - Level 2.4 Dodging
 - Level 2.4 Stealth
 * Level 4.5 Spellcasting
 + Level 1.2 Conjurations
 - Level 1.1 Summonings
 - Level 1.1 Translocations


You had 8 spell levels left.
You knew the following spells:

 Your Spells              Type           Power      Damage    Failure   Level
a - Magic Dart            Conj           32%        1d4       9%          1

Your spell library contained the following spells:

 Spells                   Type           Power      Damage    Failure   Level
 Blink                    Tloc           N/A        N/A       14%         2
 Call Imp                 Summ           8%         N/A       14%         2
 Slow                     Hex            4%         N/A       22%         2
 Conjure Flame            Conj/Fire      6%         6-21      32%         3
 Mephitic Cloud           Conj/Pois/Air  5%         N/A       34%         3


Dungeon Overview and Level Annotations

Branches:
Dungeon (1/15)

Altars:


Message History

Press: ? - help, Shift-Dir - straight line, f/p - jackal
Aim: a jackal (severely wounded, 100% to hit)
The magic dart hits the jackal.
You kill the jackal!
The jackal bites you. The jackal completely misses you.
Casting: Magic Dart (safe; 9% risk of failure)
Confirm with . or Enter, or press ? or * to list all spells.
Aiming: Magic Dart (safe; 9% risk of failure)
Press: ? - help, Shift-Dir - straight line, f - jackal
Aim: a jackal (100% to hit)
The magic dart hits the jackal but does no damage.
The jackal misses you.
Unknown command.
The jackal barely misses you. The jackal misses you.
The jackal barely misses you.
The jackal bites you but does no damage.
The jackal misses you. The jackal misses you. The jackal bites you.
The jackal bites you. The jackal completely misses you.
A hobgoblin comes into view.
A kobold comes into view. It is wielding a +0 dagger.
The jackal closely misses you.
The hobgoblin shouts!
The kobold shouts!
An endoplasm comes into view.
The jackal closely misses you. The jackal closely misses you.
You hit the endoplasm.
The endoplasm is heavily wounded.
The endoplasm barely misses you. The jackal bites you.
* * * LOW HITPOINT WARNING * * *
You hit the endoplasm but do no damage.
The endoplasm is heavily wounded.
The jackal closely misses you. The endoplasm freezes you.
You are frozen.
Ouch! That really hurt!
You die...

#..# #..# #..#..
#..####..# #....
#........# #..#
#........####..#
#....K.........#
#.K###....(....#
#Kg# #.........#
#hJ# #..#####..#
#.@###..# #..#
#.......# #..#
#.......# #..#
#.......# #..#
#..##...# #..#
#..##.<.#####..#
#..............#
#..............#
#..........)...#


You could see an endoplasm, a jackal, a hobgoblin and 2 kobolds.

Vanquished Creatures
  2 jackals (D:1)
2 creatures vanquished.

Notes
Turn   | Place    | Note
-------+----------+-------------------------------------------
     0 | D:1      | pokeman the Deep Elf Hedge Wizard began the quest for the
                  | Orb.
     0 | D:1      | Reached XP level 1. HP: 10/10 MP: 7/7
    51 | D:1      | Frozen to death by an endoplasm

Illustrated notes

Levels and vault maps discovered:
D:1:      dpeg_arrival_boxorama, layout_loops_ring

Action                   || total
-------------------------++-------
Melee: Dagger            ||     2
 Cast: Magic Dart        ||     7
Armor: Robe              ||     1
Dodge: Dodged            ||    14

Table legend: (Time is in decaauts)
 A = Elapsed time spent in this place.
 B = Non-inter-level travel time spent in this place.
 C = Inter-level travel time spent in this place.
 D = Time resting spent in this place.
 E = Time spent auto-exploring this place.
 F = Levels seen in this place.
 G = Mean time per level.
                   A        B        C        D        E       F      G
               +--------+--------+--------+--------+--------+-----+--------+
         Total |     51 |     51 |      0 |      0 |      7 |   1 |   51.0 |
       Dungeon |     51 |     51 |      0 |      0 |      7 |   1 |   51.0 |
               +--------+--------+--------+--------+--------+-----+--------+

Top non-repeatable levels by time:
     D:1: 51 daAuts
